AoeStats
← Long John Silver

Arabia

506703901Analyzed
4v4 RM · 18d ago on Sep 14, 2026· 36m 18s· 8 players
Game mode
Random Map
Map size
Large (8 player)
Population
200
Speed
Normal
Resources
Standard
Victory
Conquest
Starting age
Dark Age
Ending age
Imperial Age
RankedLock teamsTeams togetherTeam positionsShared explorationLock speedFull tech treeHidden civsTurbo modeCheats
Victory
Defeat
🇸🇮 Berbers · Slovenia
1493
+13
🇻🇳 Mongols · Vietnam
1491
+13
🇩🇪 Lithuanians · Germany
1491
+13
🇩🇪 Ethiopians · Germany
1430
+16
🇹🇷 Burgundians · Türkiye
1539
-17
🇹🇷 Ethiopians · Türkiye
1426
-14
🇹🇷 Gurjaras · Türkiye
1404
-13
🇦🇿 Magyars · Azerbaijan
1360
-11
Mr. Weedman
6:16 Loom
8:59 Feudal Age
12:21 Double-Bit Axe
15:40 Forging
16:04 Scale Barding Armor
21:17 Castle Age
19:48 Gold Mining
20:57 Bloodlines
24:31 Husbandry
24:31 Horse Collar
26:30 Chain Barding Armor
31:36 Wheelbarrow
34:20 Gold Shaft Mining
34:47 Iron Casting
This is Kawaii
5:55 Loom
8:00 Feudal Age
9:19 Double-Bit Axe
12:32 Wheelbarrow
12:15 Horse Collar
20:35 Castle Age
23:57 Fletching
24:55 Bow Saw
Long John Silver
5:56 Loom
6:11 Loom
8:49 Feudal Age
10:07 Double-Bit Axe
13:11 Fletching
14:43 Horse Collar
23:00 Castle Age
21:03 Padded Archer Armor
21:23 Gold Mining
23:03 Crossbowman
23:39 Bodkin Arrow
23:50 Thumb Ring
24:47 Bow Saw
25:17 Ballistics
31:19 Heavy Plow
31:54 Gold Shaft Mining
31:10 Stone Mining
32:51 Wheelbarrow
32:02 Town Watch
36:24 Imperial Age
34:36 Leather Archer Armor
36:49 Hand Cart
36:34 Town Patrol
37:11 Stone Shaft Mining
2-ray
8:28 Feudal Age
8:46 Loom
9:00 Double-Bit Axe
9:35 Horse Collar
15:15 Wheelbarrow
19:53 Castle Age
18:04 Scale Barding Armor
17:51 Gold Mining
18:39 Bloodlines
19:07 Forging
21:04 Chain Barding Armor
21:00 Bow Saw
22:15 Husbandry
28:32 Chain Barding Armor
32:19 Town Watch
34:16 Stone Mining
35:51 Hand Cart
37:27 Iron Casting
[ICMW] DEMBA
8:45 Feudal Age
8:38 Loom
11:52 Double-Bit Axe
17:14 Castle Age
15:39 Double-Bit Axe
15:48 Horse Collar
19:57 Scale Barding Armor
23:47 Husbandry
23:58 Bloodlines
24:47 Bloodlines
25:36 Forging
27:11 Heavy Plow
[ICMW] The Böke
7:04 Loom
9:37 Feudal Age
11:43 Double-Bit Axe
18:23 Fletching
18:25 Horse Collar
23:26 Castle Age
21:48 Gold Mining
23:55 Crossbowman
24:41 Thumb Ring
KİNGBURAK53
7:02 Loom
9:27 Feudal Age
9:04 Double-Bit Axe
9:55 Horse Collar
20:19 Castle Age
18:53 Bow Saw
19:10 Gold Mining
19:42 Scale Barding Armor
21:01 Forging
20:29 Cavalier
24:38 Husbandry
26:17 Wheelbarrow
28:41 Iron Casting
29:33 Chain Barding Armor
30:22 Light Cavalry
32:03 Hand Cart
33:44 Heavy Plow
35:48 Gold Shaft Mining
Samir
6:36 Loom
9:05 Feudal Age
9:50 Double-Bit Axe
12:18 Wheelbarrow
16:08 Horse Collar
22:17 Castle Age
23:12 Husbandry
23:23 Bloodlines
24:23 Bow Saw
24:15 Heavy Plow
25:17 Gold Mining
26:49 Scale Barding Armor
30:33 Chain Barding Armor
Connection lost

Rejoining the realm…

Still unreachable

The connection could not be restored.

Session expired

The server has moved on; the page needs a fresh start.